Map: [ESL] Ghost River

Players

goblin

  • Race: Protoss Protoss
  • Spawn Location: 1:00

MaNa - Winner!

  • Race: Protoss Protoss
  • Spawn Location: 11:00

Event: ESL SC2 Masters 2024 Spring (Regional)

VOD

Have the link to the VOD?

Description

Time

  • Played on: April 10, 2024, 12:31 p.m.
  • Length: 6:24

All games in this series

Show
View Real Time Build Order
Export as new Build Order

goblin Protoss 

Build Orders:  

Get SALT Encoding   

  12  0:00  Probe  
  13  0:12  Probe  
  14  0:17  Pylon  
  14  0:24  Probe (Chrono Boost)  
  15  0:36  Gateway, Probe (Chrono Boost)  
  16  0:44  Probe (Chrono Boost)  
  16  0:45  Assimilator  
  17  0:51  Probe  
  17  0:53  Assimilator  
  18  1:03  Probe (Chrono Boost)  
  19  1:06  Gateway  
  19  1:13  Probe (Chrono Boost)  
  20  1:18  Probe (Chrono Boost)  
  20  1:23  Cybernetics Core  
  21  1:29  Probe  
  22  1:34  Pylon  
  22  1:41  Probe  
  23  1:53  Probe  
  24  1:57  Warp Gate (Chrono Boost)  
  24  1:59  Stalker, Sentry  
  28  2:07  Pylon  
  28  2:23  Pylon, Sentry  
  28  2:29  Stalker  
  32  2:33  Gateway  
  32  2:42  Gateway  
  32  2:47  Sentry  
  34  2:54  Gateway  
  34  3:00  Shield Battery  
  34  3:03  Sentry  
  36  3:15  Stalker x2  
  36  3:35  Pylon  
  36  3:38  Zealot  
  36  3:39  Zealot  
  36  3:41  Sentry x2  
  44  3:49  Pylon  
  44  4:08  Adept x5  
  54  4:14  Pylon  
  54  4:33  Sentry, Zealot  
  46  4:46  Sentry, Adept  
  50  4:53  Adept  
  50  4:57  Adept  
  46  5:25  Sentry  
  46  5:26  Zealot, Adept x2  
  46  5:27  Zealot  
  48  5:48  Sentry  
  48  5:49  Zealot x2  
  54  5:50  Stalker  
  54  5:51  Zealot  
  46  6:17  Pylon  
Show
View Real Time Build Order
Export as new Build Order

MaNa Protoss - Winner!

Build Orders: Phoenix Opening 

Get SALT Encoding   

  12  0:00  Probe  
  13  0:12  Probe  
  14  0:17  Pylon  
  14  0:24  Probe (Chrono Boost)  
  15  0:36  Gateway, Probe (Chrono Boost)  
  16  0:44  Probe (Chrono Boost)  
  16  0:47  Assimilator  
  17  0:51  Probe  
  17  0:54  Assimilator  
  18  1:03  Probe (Chrono Boost)  
  19  1:07  Pylon  
  19  1:13  Probe (Chrono Boost)  
  19  1:18  Probe (Chrono Boost)  
  20  1:23  Cybernetics Core  
  21  1:26  Zealot  
  21  1:29  Probe  
  24  1:41  Probe  
  26  2:01  Nexus  
  25  2:04  Sentry  
  25  2:07  Warp Gate  
  28  2:20  Shield Battery  
  27  2:25  Robotics Facility  
  27  2:28  Probe  
  28  2:34  Phoenix  
  28  2:37  Stalker  
  28  2:40  Probe  
  30  2:47  Pylon  
  30  2:56  Gateway  
  31  3:07  Sentry  
  32  3:14  Immortal (Chrono Boost)  
  36  3:27  Shield Battery  
  36  3:30  Sentry  
  36  3:32  Probe  
  36  3:33  Probe  
  40  3:45  Warp Prism (Chrono Boost)  
  42  3:58  Sentry  
  44  4:04  Sentry  
  47  4:10  Probe x2  
  48  4:19  Immortal (Chrono Boost)  
  48  4:21  Pylon  
  53  4:26  Pylon  
  46  4:31  Adept  
  46  4:34  Adept  
  50  4:46  Probe x2  
  52  4:55  Immortal (Chrono Boost)  
  52  4:58  Probe  
  52  4:59  Probe  
  52  5:14  Adept x2  
  54  5:23  Probe  
  54  5:25  Probe  
  54  5:28  Immortal  
  58  5:36  Adept x2  
  62  5:47  Probe x2  
  64  5:54  Gateway  
  64  5:57  Gateway  
  62  6:04  Adept x2  
Tags
 
Add a new tag
Caveats
  • Supply blocks, unpowered buildings, or Contaminate may cause inaccurate times.
  • Supply counts are checked every 10 seconds.